NYP
LOS ANGELES (NYP) DODGERS @ CINCINNATI (NYP) REDS
05/06/2045
 
TOP OF THE 1ST
Los Angeles (NYP) Dodgers batting - Pitching for Cincinnati (NYP) Reds : RHP Ricky Castillo
Pitching: RHP Ricky Castillo
Batting: LHB Nate Kee 0-0: Called Strike
0-1: Foul Ball, location: 2F
0-2: Strikes out looking
Batting: RHB Justin Curran 0-0: Called Strike
0-1: Foul Ball, location: 2F
0-2: Ball
1-2: Ball
2-2: Strikes out swinging, 2-3 out at first.
Batting: RHB Jonathan Kirsch 0-0: Ground out 6-3 (Groundball, 56, EV 90.6 MPH)
Top of the 1st over - 0 runs, 0 hits, 0 errors, 0 left on base; Los Angeles (NYP) 0 - Cincinnati (NYP) 0
BOTTOM OF THE 1ST
Cincinnati (NYP) Reds batting - Pitching for Los Angeles (NYP) Dodgers : RHP Pat Adams
Pitching: RHP Pat Adams
Batting: RHB Felipe Pineda 0-0: Called Strike
0-1: SINGLE (Groundball, 34D, EV 99.4 MPH)
Batting: RHB Pat McCoy 0-0: Ball
1-0: Ball
2-0: Ball
3-0: Called Strike
3-1: Fielders Choice at 2nd, 3-6 (Groundball, 34S, EV 86.2 MPH)
Batting: LHB David Moore 0-0: Fielders Choice at 2nd, 4-6 (Groundball, 4S, EV 88.1 MPH)
Batting: LHB Brian Snyder 0-0: Ball
1-0: Ball
2-0: Ball
3-0: Base on Balls
David Moore to second
Batting: RHB Ben Hinman 0-0: Ball
1-0: Foul Ball, location: 2F
1-1: Called Strike
1-2: Fielders Choice at 2nd, 5-4 (Groundball, 56, EV 95.6 MPH)
Bottom of the 1st over - 0 runs, 1 hit, 0 errors, 2 left on base; Los Angeles (NYP) 0 - Cincinnati (NYP) 0
TOP OF THE 2ND
Los Angeles (NYP) Dodgers batting - Pitching for Cincinnati (NYP) Reds : RHP Ricky Castillo
Batting: LHB Stephen Van Raalte 0-0: Ball
1-0: Ball
2-0: Called Strike
2-1: Ball
3-1: Foul Ball, location: 2F
3-2: Strikes out swinging
Batting: RHB David Watkins 0-0: Called Strike
0-1: Foul Ball, location: 2F
0-2: Ball
1-2: Foul Ball, location: 2F
1-2: Strikes out looking
Batting: RHB Joe Bower 0-0: Called Strike
0-1: Ball
1-1: Ball
2-1: Ball
3-1: Swinging Strike
3-2: Ground out 5-3 (Groundball, 5S, EV 70.6 MPH)
Top of the 2nd over - 0 runs, 0 hits, 0 errors, 0 left on base; Los Angeles (NYP) 0 - Cincinnati (NYP) 0
BOTTOM OF THE 2ND
Cincinnati (NYP) Reds batting - Pitching for Los Angeles (NYP) Dodgers : RHP Pat Adams
Batting: RHB Jonathan Robies 0-0: Called Strike
0-1: SINGLE (Groundball, 56D, EV 103.1 MPH)
Batting: RHB Frank Moron 0-0: Called Strike
0-1: Ball
1-1: Ball
2-1: Ball
3-1: Called Strike
3-2: Base on Balls
Jonathan Robies to second
Batting: LHB James Himes 0-0: Ball
1-0: Called Strike
1-1: SINGLE (Groundball, 4MD, EV 106.2 MPH)
Jonathan Robies to third
Frank Moron to second
Batting: RHB Pat Mage 0-0: SINGLE (Groundball, 6D, EV 105.6 MPH)
Jonathan Robies scores
Frank Moron to third
James Himes to second
Batting: RHB Felipe Pineda 0-0: Ball
1-0: Ball
2-0: Ball
3-0: Base on Balls
Frank Moron scores
James Himes to third
Pat Mage to second
Batting: RHB Pat McCoy 0-0: SINGLE (Groundball, 56S, EV 69.4 MPH) (infield hit)
James Himes scores
Pat Mage to third
Felipe Pineda to second
Batting: LHB David Moore 0-0: Foul Ball, location: 2F
0-1: Ball
1-1: Ball
Wild Pitch!
Pat Mage scores
Felipe Pineda to third
Pat McCoy to second
2-1: Ball
3-1: Base on Balls
Batting: LHB Brian Snyder 0-0: Ball
1-0: Called Strike
1-1: Ball
2-1: Swinging Strike
2-2: Strikes out swinging
Batting: RHB Ben Hinman 0-0: Ball
1-0: Ball
2-0: Ball
3-0: Base on Balls
Felipe Pineda scores
Pat McCoy to third
David Moore to second
Batting: RHB Jonathan Robies 0-0: Ball
1-0: Called Strike
1-1: SINGLE (Groundball, 34D, EV 96.9 MPH)
Pat McCoy scores
David Moore to third
Ben Hinman to second
Throwing error, E9
David Moore scores
Ben Hinman to third
Jonathan Robies to second
Batting: RHB Frank Moron 0-0: Ground out 6-3 (Groundball, 6, EV 82.5 MPH)
Ben Hinman scores
Pitching: RHP Ruben Irizarry
Batting: LHB James Himes 0-0: Called Strike
0-1: Called Strike
0-2: Foul Ball, location: 2F
0-2: Ground out 6-3 (Groundball, 6, EV 110.0 MPH)
Bottom of the 2nd over - 8 runs, 5 hits, 1 error, 1 left on base; Los Angeles (NYP) 0 - Cincinnati (NYP) 8
TOP OF THE 3RD
Los Angeles (NYP) Dodgers batting - Pitching for Cincinnati (NYP) Reds : RHP Ricky Castillo
Batting: RHB Charles Blatchford 0-0: Ball
1-0: Foul Ball, location: 2F
1-1: Swinging Strike
1-2: Strikes out swinging
Batting: LHB Mesfin Azagba 0-0: Ball
1-0: Ball
2-0: Ground out U3 (Groundball, 13, EV 80.6 MPH)
Batting: SHB Josh Vaill 0-0: Ball
1-0: Ball
2-0: Called Strike
2-1: Called Strike
2-2: Foul Ball, location: 2F
2-2: Strikes out swinging
Top of the 3rd over - 0 runs, 0 hits, 0 errors, 0 left on base; Los Angeles (NYP) 0 - Cincinnati (NYP) 8
BOTTOM OF THE 3RD
Cincinnati (NYP) Reds batting - Pitching for Los Angeles (NYP) Dodgers : RHP Ruben Irizarry
Batting: RHB Pat Mage 0-0: Called Strike
0-1: SINGLE (Line Drive, 56D, EV 97.5 MPH)
Batting: RHB Felipe Pineda 0-0: Called Strike
0-1: Ball
Wild Pitch!
Pat Mage to second
1-1: Ball
2-1: Foul Ball, location: 2F
2-2: SINGLE (Groundball, 4D, EV 101.9 MPH)
Pat Mage to third
Batting: RHB Pat McCoy 0-0: Ball
1-0: Ball
2-0: Ball
3-0: Base on Balls
Felipe Pineda to second
Batting: LHB David Moore 0-0: Ball
1-0: Ball
2-0: Called Strike
2-1: Called Strike
2-2: Foul Ball, location: 2F
2-2: Foul Ball, location: 2F
2-2: Foul Ball, location: 2F
2-2: GRAND SLAM HOME RUN (Flyball, 89XD, EV 111.9 MPH), Distance : 433 ft
Pitching: RHP Luis Hinostroza
Batting: LHB Brian Snyder 0-0: Foul Ball, location: 2F
0-1: Fly out, F8 (Line Drive, 8RD, EV 96.9 MPH)
Batting: RHB Ben Hinman 0-0: Called Strike
0-1: Ball
1-1: Foul Ball, location: 2F
1-2: Strikes out swinging
Batting: RHB Jonathan Robies 0-0: Called Strike
0-1: Swinging Strike
0-2: Ball
1-2: Ball
2-2: Foul Ball, location: 2F
2-2: Ball
3-2: Base on Balls
Batting: RHB Frank Moron 0-0: Foul Ball, location: 2F
0-1: Called Strike
0-2: Foul Ball, location: 2F
0-2: Ball
1-2: Ball
2-2: Fly out, F8 (Line Drive, 8LM, EV 91.9 MPH)
Bottom of the 3rd over - 4 runs, 3 hits, 0 errors, 1 left on base; Los Angeles (NYP) 0 - Cincinnati (NYP) 12
TOP OF THE 4TH
Los Angeles (NYP) Dodgers batting - Pitching for Cincinnati (NYP) Reds : RHP Ricky Castillo
Batting: LHB Nate Kee 0-0: Called Strike
0-1: Foul Ball, location: 2F
0-2: Strikes out looking
Batting: RHB Justin Curran 0-0: Called Strike
0-1: Foul Ball, location: 2F
0-2: Fly out, F8 (Flyball, 78XD, EV 112.5 MPH)
Batting: RHB Jonathan Kirsch 0-0: Ball
1-0: Foul Ball, location: 2F
1-1: Ball
2-1: Ball
3-1: Called Strike
3-2: Base on Balls
Batting: LHB Stephen Van Raalte 0-0: Foul Ball, location: 2F
0-1: Swinging Strike
0-2: Strikes out swinging
Top of the 4th over - 0 runs, 0 hits, 0 errors, 1 left on base; Los Angeles (NYP) 0 - Cincinnati (NYP) 12
BOTTOM OF THE 4TH
Cincinnati (NYP) Reds batting - Pitching for Los Angeles (NYP) Dodgers : RHP Luis Hinostroza
Pitching: RHP Mike Kaczor
Batting: LHB James Himes 0-0: Ball
1-0: Ground out U3 (Groundball, 3, EV 82.5 MPH)
Batting: RHB Pat Mage 0-0: Called Strike
0-1: Ball
1-1: Ball
2-1: Ball
3-1: Base on Balls
Batting: RHB Felipe Pineda 0-0: Foul Ball, location: 2F
0-1: Called Strike
0-2: Ball
1-2: Ball
2-2: Ball
3-2: Base on Balls
Pat Mage to second
Batting: RHB Pat McCoy 0-0: Ball
1-0: Foul Ball, location: 2F
1-1: Foul Ball, location: 2F
1-2: Foul Ball, location: 2F
Balk!
Pat Mage to third
Felipe Pineda to second
1-2: Ball
2-2: Ball
3-2: Foul Ball, location: 2F
3-2: Base on Balls
Pitching: RHP Will Barksdale
Batting: LHB David Moore 0-0: Ball
1-0: Foul Ball, location: 2F
1-1: Foul Ball, location: 2F
1-2: Foul Ball, location: 2F
1-2: Foul Ball, location: 2F
1-2: Ball
Wild Pitch!
Pat Mage scores
Felipe Pineda to third
Pat McCoy to second
2-2: Ball
3-2: Base on Balls
Batting: LHB Brian Snyder 0-0: SINGLE (Line Drive, 89M, EV 105.6 MPH)
Felipe Pineda scores
Pat McCoy to third
David Moore to second
Runner from 3rd tries for Home, SAFE, throw by CF to home
Batting: RHB Ben Hinman 0-0: Ball
1-0: Fly out, F8 (Flyball, 89XD, EV 88.8 MPH)
Runner from 2nd tags up, SAFE at 3rd, no throw by CF
Batting: RHB Jonathan Robies 0-0: Fly out, F4 (Popup, 4, EV 77.5 MPH)
Bottom of the 4th over - 3 runs, 1 hit, 0 errors, 2 left on base; Los Angeles (NYP) 0 - Cincinnati (NYP) 15
TOP OF THE 5TH
Los Angeles (NYP) Dodgers batting - Pitching for Cincinnati (NYP) Reds : RHP Ricky Castillo
Batting: RHB David Watkins 0-0: Ground out U3 (Groundball, 3, EV 111.9 MPH)
Batting: RHB Joe Bower 0-0: Ball
1-0: Fly out, F9 (Flyball, 9LM, EV 91.9 MPH)
Batting: RHB Charles Blatchford 0-0: Ball
1-0: Foul Ball, location: 2F
1-1: Called Strike
1-2: Strikes out swinging
Top of the 5th over - 0 runs, 0 hits, 0 errors, 0 left on base; Los Angeles (NYP) 0 - Cincinnati (NYP) 15
BOTTOM OF THE 5TH
Cincinnati (NYP) Reds batting - Pitching for Los Angeles (NYP) Dodgers : RHP Will Barksdale
Batting: RHB Frank Moron 0-0: Ball
1-0: Foul Ball, location: 2F
1-1: Foul Ball, location: 2F
1-2: Ball
2-2: Foul Ball, location: 2F
2-2: Strikes out swinging
Batting: LHB James Himes 0-0: Called Strike
0-1: Foul Ball, location: 2F
0-2: Foul Ball, location: 2F
0-2: Ground out 4-3 (Groundball, 4, EV 86.2 MPH)
Batting: RHB Pat Mage 0-0: Foul Ball, location: 2F
0-1: Ball
1-1: SINGLE (Groundball, 6MS, EV 68.1 MPH) (infield hit)
Batting: RHB Felipe Pineda 0-0: Ball
Wild Pitch!
Pat Mage to second
1-0: Swinging Strike
1-1: Ball
2-1: Ball
3-1: Called Strike
3-2: Foul Ball, location: 2F
3-2: Base on Balls
Batting: RHB Pat McCoy 0-0: Ground out 4-3 (Groundball, 4, EV 93.8 MPH)
Bottom of the 5th over - 0 runs, 1 hit, 0 errors, 2 left on base; Los Angeles (NYP) 0 - Cincinnati (NYP) 15
TOP OF THE 6TH
Los Angeles (NYP) Dodgers batting - Pitching for Cincinnati (NYP) Reds : RHP Ricky Castillo
Batting: LHB Mesfin Azagba 0-0: Ball
1-0: Called Strike
1-1: Foul Ball, location: 2F
1-2: Ball
2-2: Foul Ball, location: 2F
2-2: Foul Ball, location: 2F
2-2: Strikes out swinging
Batting: SHB Josh Vaill 0-0: Foul Ball, location: 2F
0-1: Swinging Strike
0-2: Strikes out swinging
Batting: LHB Nate Kee 0-0: Foul Ball, location: 2F
0-1: Ball
1-1: Ball
2-1: Ball
3-1: Foul Ball, location: 2F
3-2: Ground out U3 (Groundball, 34, EV 100.6 MPH)
Top of the 6th over - 0 runs, 0 hits, 0 errors, 0 left on base; Los Angeles (NYP) 0 - Cincinnati (NYP) 15
BOTTOM OF THE 6TH
Cincinnati (NYP) Reds batting - Pitching for Los Angeles (NYP) Dodgers : RHP Will Barksdale
Batting: LHB David Moore 0-0: Ground out U3 (Groundball, 3S, EV 83.8 MPH)
Batting: LHB Brian Snyder 0-0: Called Strike
0-1: Ball
1-1: SINGLE (Line Drive, 9LM, EV 90.6 MPH)
Batting: RHB Ben Hinman 0-0: Ball
1-0: Foul Ball, location: 2F
1-1: Ball
2-1: Ball
3-1: Base on Balls
Brian Snyder to second
Batting: RHB Jonathan Robies 0-0: SINGLE (Groundball, 6MD, EV 101.9 MPH)
Brian Snyder to third
Ben Hinman to second
Runner from 3rd tries for Home, SAFE, throw by CF to home
Batting: RHB Frank Moron Balk!
Ben Hinman to third
Jonathan Robies to second
0-0: Swinging Strike
0-1: Called Strike
0-2: Ball
1-2: Strikes out looking
Batting: LHB James Himes 0-0: Called Strike
Balk!
Ben Hinman scores
Jonathan Robies to third
0-1: Ball
1-1: Hit by Pitch
Batting: RHB Pat Mage 0-0: SINGLE (Groundball, 25, EV 71.2 MPH) (infield hit)
Jonathan Robies scores
James Himes to second
Batting: RHB Felipe Pineda 0-0: Ball
Wild Pitch!
James Himes to third
Pat Mage to second
1-0: Ball
Wild Pitch!
James Himes scores
Pat Mage to third
Balk!
Pat Mage scores
2-0: Ball
3-0: Called Strike
3-1: Called Strike
3-2: SINGLE (Line Drive, 8RS, EV 92.5 MPH)
Batting: RHB Pat McCoy 0-0: Hit by Pitch
Felipe Pineda to second
Pinch Runner at 1st Jonathan Davis:
Batting: LHB David Moore 0-0: Called Strike
0-1: Ball
1-1: Ball
2-1: Swinging Strike
2-2: Ball
3-2: Base on Balls
Felipe Pineda to third
Jonathan Davis to second
Batting: LHB Brian Snyder Balk!
Felipe Pineda scores
Jonathan Davis to third
David Moore to second
0-0: Called Strike
0-1: Swinging Strike
0-2: Foul Ball, location: 2F
0-2: Ball
1-2: Strikes out swinging
Bottom of the 6th over - 6 runs, 4 hits, 0 errors, 2 left on base; Los Angeles (NYP) 0 - Cincinnati (NYP) 21
TOP OF THE 7TH
Los Angeles (NYP) Dodgers batting - Pitching for Cincinnati (NYP) Reds : RHP Ricky Castillo
Now at 2B: Jonathan Davis
Batting: RHB Justin Curran 0-0: Ball
1-0: Called Strike
1-1: Ball
2-1: Swinging Strike
2-2: Ball
3-2: Strikes out swinging
Batting: RHB Jonathan Kirsch 0-0: Ball
1-0: Ball
2-0: Foul Ball, location: 2F
2-1: Foul Ball, location: 2F
2-2: Fly out, F3 (Popup, 3F, EV 65.6 MPH)
Batting: LHB Stephen Van Raalte 0-0: Called Strike
0-1: Called Strike
0-2: Ball
1-2: Ball
2-2: Foul Ball, location: 2F
2-2: Strikes out swinging
Top of the 7th over - 0 runs, 0 hits, 0 errors, 0 left on base; Los Angeles (NYP) 0 - Cincinnati (NYP) 21
BOTTOM OF THE 7TH
Cincinnati (NYP) Reds batting - Pitching for Los Angeles (NYP) Dodgers : RHP Will Barksdale
Pinch Hitting: RHB Danny Pontius 0-0: Ground out 5-3 (Groundball, 56S, EV 84.4 MPH)
Batting: RHB Jonathan Robies 0-0: Ground out 1-3 (Groundball, P, EV 72.5 MPH)
Batting: RHB Frank Moron 0-0: Swinging Strike
0-1: Foul Ball, location: 2F
0-2: Ball
1-2: Ground out 4-3 (Groundball, 4M, EV 89.4 MPH)
Bottom of the 7th over - 0 runs, 0 hits, 0 errors, 0 left on base; Los Angeles (NYP) 0 - Cincinnati (NYP) 21
TOP OF THE 8TH
Los Angeles (NYP) Dodgers batting - Pitching for Cincinnati (NYP) Reds : RHP Ricky Castillo
Now at 1B: Sean Jenkinson
Batting: RHB David Watkins 0-0: Called Strike
0-1: Ball
1-1: Foul Ball, location: 2F
1-2: Foul Ball, location: 2F
1-2: Ball
2-2: Ball
3-2: Base on Balls
Batting: RHB Joe Bower 0-0: Called Strike
0-1: Swinging Strike
0-2: Fly out, F3 (Popup, 3F, EV 70.0 MPH)
Batting: RHB Charles Blatchford 0-0: Fielders Choice at 2nd, 6-4 (Groundball, 56, EV 88.1 MPH)
Batting: LHB Mesfin Azagba 0-0: Ball
1-0: Called Strike
1-1: Swinging Strike
1-2: Strikes out looking
Top of the 8th over - 0 runs, 0 hits, 0 errors, 1 left on base; Los Angeles (NYP) 0 - Cincinnati (NYP) 21
BOTTOM OF THE 8TH
Cincinnati (NYP) Reds batting - Pitching for Los Angeles (NYP) Dodgers : RHP Will Barksdale
Batting: LHB James Himes 0-0: Foul Ball, location: 2F
0-1: Ground out 1-3 (Groundball, 13S, EV 63.8 MPH)
Batting: RHB Pat Mage 0-0: Ground out 6-3 (Groundball, 6, EV 105.0 MPH)
DELAY Rain delay of 50 minutes in the 8th inning.
Batting: RHB Felipe Pineda 0-0: Reached on error, E4 (Groundball, 4S, EV 64.4 MPH)
Batting: RHB Jonathan Davis 0-0: Fly out, F9 (Flyball, 9LM, EV 81.9 MPH)
Bottom of the 8th over - 0 runs, 0 hits, 1 error, 1 left on base; Los Angeles (NYP) 0 - Cincinnati (NYP) 21
TOP OF THE 9TH
Los Angeles (NYP) Dodgers batting - Pitching for Cincinnati (NYP) Reds : RHP Ricky Castillo
Batting: SHB Josh Vaill 0-0: Ball
1-0: Foul Ball, location: 2F
1-1: Foul Ball, location: 2F
1-2: Ball
2-2: SINGLE (Line Drive, 89S, EV 112.5 MPH)
Pitching: RHP Jesus Gallegos
Batting: LHB Nate Kee 0-0: Ball
1-0: Called Strike
1-1: Swinging Strike
1-2: Strikes out swinging
Batting: RHB Justin Curran 0-0: Called Strike
0-1: Ball
1-1: Ball
2-1: Foul Ball, location: 2F
2-2: Fly out, F4 (Popup, 4MD, EV 56.2 MPH)
Batting: RHB Jonathan Kirsch 0-0: Fly out, F3 (Popup, 3SF, EV 73.8 MPH)
Top of the 9th over - 0 runs, 1 hit, 0 errors, 1 left on base; Los Angeles (NYP) 0 - Cincinnati (NYP) 21
Wednesday, June 22nd , 2022 - OOTP Baseball 23.4 Build 64